 Dungeon Crawl Stone Soup version 0.29.1-4-g47bece8355 (webtiles) character file.

Game seed: 4927843183661198260

2125 hawla the Destroyer (level 9, -4/61 (63) HPs)
             Began as a Meteoran Ice Elementalist on Dec 10, 2022.
             Was an Initiate of Vehumet.
             Shot with an arrow by a centaur warrior (20 damage)
             ... on level 9 of the Dungeon.
             The game lasted 00:17:33 (2636 turns).

hawla the Destroyer (Meteoran Ice Elementalist)     Turns: 2636, Time: 00:17:33

HP:   -4/61 (63)    AC:  9    Str: 10    XL:     9   Next: 84%
MP:   2/20          EV: 13    Int: 21    God:    Vehumet [......]
Gold: 160           SH:  0    Dex: 19    Spells: 4/21 levels left

rFire   . . .      SeeInvis +   (no weapon)
rCold   . . .      Faith    .   (no shield)
rNeg    . . .      Spirit   .   a - +1 robe
rPois   .          Reflect  .   (no helmet)
rElec   .          Harm     .   (no cloak)
rCorr   .          Rampage  .   d - +5 pair of gloves "Suteh" {Dex+4}
Will    +....                   (no boots)
Stlth   +.........              (no amulet)
HPRegen 0.20/turn               g - ring of see invisible
MPRegen 0.17/turn               (no ring)

@: glowing, lightly drained
A: sense surroundings 2, otherworldly, glowing, explore regen, subdued magic 1
a: Renounce Religion


You were on level 9 of the Dungeon.
You worshipped Vehumet.
Vehumet was noncommittal.
You visited 2 branches of the dungeon, and saw 11 of its levels.

You collected 186 gold pieces.
You spent 26 gold pieces at shops.

Inventory:

Armour
 a - a +1 robe (worn)
 d - the +5 pair of gloves "Suteh" (worn) {Dex+4}
   (You acquired it on level 3 of the Dungeon)

   Dex:       It affects your dexterity (+4).
Jewellery
 g - a ring of see invisible (left hand)
Wands
 b - a wand of flame (23)
Potions
 f - 2 potions of curing


   Skills:
 + Level 0.9 Fighting
 + Level 3.4 Dodging
 - Level 1.4 Stealth
 + Level 6.8 Spellcasting
 + Level 8.4 Conjurations
 + Level 7.8 Ice Magic
 + Level 5.7 Poison Magic


You had 4 spell levels left.
You knew the following spells:

 Your Spells              Type           Power      Damage    Failure   Level
a - Freeze                Ice            100%       1d11      1%          1
b - Frozen Ramparts       Ice            60%        1d10      1%          3
c - Hailstorm             Conj/Ice       31%        3d8       2%          4
d - Iskenderun's Battles  Conj           32%        2d8       6%          5
e - Olgreb's Toxic Radia  Pois           24%        N/A       7%          4

Your spell library contained the following spells:

 Spells                   Type           Power      Damage    Failure   Level
 Sting                    Tmut/Pois      56%        1d5       1%          1
 Ozocubu's Armour         Ice            30%        N/A       1%          3
 Poisonous Vapours        Pois/Air       28%        N/A       3%          2
 Summon Guardian Golem    Hex/Summ       5%         N/A       22%         3
 Fireball                 Conj/Fire      9%         3d6       36%         5
 Conjure Ball Lightning   Conj/Air       9%         3x3d6     92%         6
 Orb of Destruction       Conj           16%        9d7       92%         7
 Spellforged Servitor     Conj/Summ      9%         N/A       100%        7


Dungeon Overview and Level Annotations

Branches:
Dungeon (10/15) Zot: 3370  Temple (1/1) D:7 Zot: 581
   Lair: D:8-11         Orc: D:9-12

Altars:
Dithmenos
Elyvilon
Gozag
Hepliaklqana
Kikubaaqudgha
Makhleb
Okawaru
Ru
Sif Muna
Vehumet
Xom
Zin
The Shining One

Shops:
D:4 ([*=   D:6 (((

Annotations:
D:5 1 runed translucent door, fishmans's ghost, novice MiBe


Innate Abilities, Weirdness & Mutations

You passively map the area around you.
You are easily found by Zot.
You glow in the dark.
You regain HP and MP as you explore.
Your spells are a little easier to cast, but a little less powerful.


Message History

The wight hits you but does no damage. The wight hits you but does no damage.
The wight hits you but does no damage. The wight hits you but does no damage.
The wight hits you but does no damage.
Casting: Freeze (safe; 1% risk of failure)
Confirm with . or Enter, or press ? or * to list all spells.
Casting: Hailstorm (dangerous; 2% risk of failure)
Press: ? - help, Dir - look around, f - activate A cannonade of hail descends around you!
The hail pelts the wight.
The wight partially resists.
You destroy the wight!
Vehumet accepts your kill.
Unknown command.
You cannot move.
You start waiting.
Your transformation is almost over.
A centaur warrior comes into view.
The centaur warrior shouts!
The centaur warrior wields a +0 shortbow.
The centaur warrior shoots an arrow.
The arrow completely misses you.
The centaur warrior shoots an arrow.
The arrow hits you!
You aren't carrying any scrolls.
You feel less wooden.
The +5 pair of gloves "Suteh" {Dex+4} unmelds from your body.
Your +1 robe unmelds from your body.
A wight comes into view. It is wielding a +2 vampiric trident.
You aren't carrying any scrolls.
The centaur warrior shoots an arrow.
The arrow hits you!
* * * LOW HITPOINT WARNING * * *
The centaur warrior shoots an arrow.
The arrow hits you.
* * * LOW HITPOINT WARNING * * *
The centaur warrior shoots an arrow.
The arrow hits you!
* * * LOW HITPOINT WARNING * * *
A wight comes into view.
It is wielding a +1 falchion of freezing.
You feel much better.
The centaur warrior shoots an arrow.
The arrow misses you.
The centaur warrior shoots an arrow.
The arrow hits you!
* * * LOW HITPOINT WARNING * * *
The centaur warrior shoots an arrow.
The arrow hits you!!
You die...

* , *
#........#
#......z.#
#........#
#......c.#
#........#
#...z....#
#....)#
#<@...#
#...)>#
#.....# *
#.....#
#.....#* *
.........
,, ,
#######....
, , #.....,
, #....., ,


You could see a centaur warrior and 2 wights.

Vanquished Creatures
  A shadow (D:9)
  Eustachio (D:6)
  Menkaure (D:6)
  An orc warrior (D:6)
  An ice beast (D:6)
  A black bear (D:7)
  A bullfrog (D:7)
  4 scorpions
  4 wights
  9 killer bees
  3 hounds
  An orc priest (D:4)
  3 jellies
  3 iguanas
  3 orc wizards
  2 gnolls (D:5)
  5 adders
  3 white imps
  A dart slug (D:4)
  22 orcs
  3 endoplasms
  2 giant cockroaches
  2 goblins
  8 hobgoblins
  5 jackals
  4 kobolds
  3 quokkas
  2 ball pythons
  A bat (D:2)
  A frilled lizard (D:1)
  4 rats
105 creatures vanquished.

Vanquished Creatures (others)
  7 plants
7 creatures vanquished.

Grand Total: 112 creatures vanquished

Notes
Turn   | Place    | Note
-------+----------+-------------------------------------------
     0 | D:1      | hawla the Meteoran Ice Elementalist began the quest for the
                  | Orb.
     0 | D:1      | Reached XP level 1. HP: 14/14 MP: 5/5
   121 | D:1      | Reached XP level 2. HP: 20/20 MP: 4/6
   272 | D:2      | Reached skill level 5 in Ice Magic
   272 | D:2      | Reached XP level 3. HP: 19/26 MP: 5/8
   363 | D:2      | Learned a level 3 spell: Frozen Ramparts
   370 | D:3      | Identified a scroll of acquirement
   370 | D:3      | Acquired the +5 pair of gloves "Suteh" {Dex+4}
   417 | D:3      | Reached XP level 4. HP: 33/33 MP: 5/10
   449 | D:4      | Found an opulent altar of Gozag.
   524 | D:4      | Reached XP level 5. HP: 38/38 MP: 2/12
   626 | D:4      | Reached skill level 5 in Spellcasting
   626 | D:4      | Reached XP level 6. HP: 46/46 MP: 10/14
   654 | D:4      | Learned a level 4 spell: Hailstorm
   722 | D:4      | Reached skill level 1 in Conjurations
   990 | D:4      | Found Sidemyra's General Store.
   994 | D:4      | Found Jalouk's Antique Armour Emporium.
   995 | D:4      | Found Wafraffi's Jewellery Emporium.
   995 | D:4      | Found Celuus's Antique Weapon Emporium.
   998 | D:4      | Bought a scroll of identify for 26 gold pieces
  1044 | D:5      | Entered Level 5 of the Dungeon
  1059 | D:5      | Reached skill level 2 in Conjurations
  1092 | D:5      | Found a runed translucent door.
  1092 | D:5      | Noticed fishmans's ghost (novice MiBe)
  1097 | D:5      | Reached skill level 3 in Conjurations
  1097 | D:5      | Reached XP level 7. HP: 51/51 MP: 7/15
  1101 | D:5      | Reached skill level 4 in Conjurations
  1110 | D:5      | Found a hazy altar of Hepliaklqana.
  1297 | D:5      | You fall into a shaft and drop 1 floor!
  1387 | D:6      | Learned a level 5 spell: Iskenderun's Battlesphere
  1388 | D:6      | Noticed Menkaure
  1389 | D:6      | Noticed Eustachio
  1396 | D:6      | Killed Menkaure
  1397 | D:6      | Reached skill level 6 in Conjurations
  1397 | D:6      | Killed Eustachio
  1398 | D:6      | Reached skill level 7 in Conjurations
  1398 | D:6      | Reached XP level 8. HP: 35/58 MP: 1/16
  1410 | D:6      | Found Xael Toof's Weapon Emporium.
  1430 | D:6      | Found Fohuakoq's Weapon Shoppe.
  1547 | D:6      | Reached skill level 8 in Conjurations
  1584 | D:6      | Found Jyfuemio's Antique Weapon Emporium.
  2105 | D:6      | Found a shimmering blue altar of Sif Muna.
  2266 | D:6      | Learned a level 4 spell: Olgreb's Toxic Radiance
  2346 | D:7      | Reached skill level 1 in Poison Magic
  2346 | D:7      | Gained mutation: You passively map the area around you.
                  | [Meteoran growth]
  2346 | D:7      | Reached XP level 9. HP: 63/63 MP: 10/19
  2393 | D:7      | Reached skill level 5 in Poison Magic
  2429 | D:7      | Found a staircase to the Ecumenical Temple.
  2445 | Temple   | Entered the Ecumenical Temple
  2454 | Temple   | Became a worshipper of Vehumet
  2515 | D:7      | Found a burning altar of Makhleb.
  2585 | D:10     | Entered Level 10 of the Dungeon
  2606 | D:9      | Gained mutation: Your spells are a little easier to cast,
                  | but a little less powerful. [potion of mutation]
  2629 | D:9      | Noticed a centaur warrior
  2634 | D:9      | HP: 1/61 [centaur warrior/arrow (8)]
  2636 | D:9      | Shot with an arrow by a centaur warrior

Illustrated notes

Levels and vault maps discovered:
D:1:      wheals_arrival_linesprint, layout_basic, chequers_big_river,
          minivault_27
D:2:      layout_basic, serial_curves, eino_curves_02, eino_curves_04,
          eino_curves_04, basic_altar, uniq_sigmund, uniq_natasha
D:3:      layout_loops_ring
D:4:      layout_cave_pools, grunt_gozag_statues, corexii_corridor_pit,
          grunt_ministairs_5, minmay_shop_grid_forest
D:5:      layout_gridville, nicolae_hepliaklqana_hazy_memory,
          gammafunk_ghost_grave, uniq_duvessa
D:6:      layout_layer_cave, lemuel_blue_sif_altar, serial_shops,
          nicolae_shop_advertising_works [nicolae_subvault_shop_adworks],
          nicolae_stop_n_shop_2, nicolae_shop_behind_doors,
          kennysheep_generic_room_7, uniq_menkaure, uniq_eustachio
D:7:      layout_basic, mainiacjoe_overflow_chevrons,
          nicolae_qazlal_general_emergency, minmay_temple_entry_waves
D:8:      layout_loops_ring, uniq_joseph
D:9:      layout_irregular_city, nemelex_spade_bored_becter,
          dk_yredelemnul_ordeal, fedhas_altar_3, dpeg_oklobed_lair
D:10:     layout_cave_pools, enter_bailey_4, lightli_minifort, uniq_amaemon
Temple:   nicolae_temple_ecumenical_triangle

Skill      XL: |  1  2  3  4  5  6  7  8  9 |
---------------+----------------------------+-----
Spellcasting   | 3 4 5 6 |  6.8
Ice Magic      | 5 6 7 |  7.8
Dodging        | 3 |  3.4
Conjurations   | 3 7 8 |  8.4
Poison Magic   | 1 5 |  5.7
Fighting       | |  0.9
Stealth        | |  1.4

Action                   |  1- 3 |  4- 6 |  7- 9 || total
-------------------------+-------+-------+-------++-------
Melee: Unarmed           |     4 |     1 |    26 ||    31
       Punch             |       |       |     1 ||     1
 Cast: Freeze            |    28 |    26 |    34 ||    88
       Frozen Ramparts   |     3 |    13 |    13 ||    29
       Hailstorm         |       |     1 |    28 ||    29
       Iskenderun's Batt |       |       |     6 ||     6
       Olgreb's Toxic Ra |       |       |     2 ||     2
  Use: Scroll            |     3 |     4 |     6 ||    13
       Potion            |       |       |     6 ||     6
Armor: Robe              |     7 |    14 |    27 ||    48
       Skin              |       |       |    27 ||    27
Dodge: Dodged            |    17 |    13 |    36 ||    66
